 Dungeon Crawl Stone Soup version 0.31-a0-237-g2d982f9f85 (webtiles) character file.

Game seed: 15094569794130521526

44 qw the Shooter (level 3, -2/29 HPs)
             Began as a Minotaur Hexslinger on July 11, 2023.
             Slain by a hobgoblin (5 damage)
             ... led by Robin
             ... on level 2 of the Dungeon.
             The game lasted 00:00:27 (1077 turns).

qw the Shooter (Minotaur Hexslinger)                Turns: 1077, Time: 00:00:27

Health: -2/29      AC:  5    Str: 12    XL:     3   Next: 39%
Magic:  3/3        EV: 11    Int: 10    God:
Gold:   12         SH:  0    Dex: 14    Spells: 3/4 levels left

rFire   . . .        Y - +1 sling
rCold   . . .        (no shield)
rNeg    . . .        g - +0 ring mail
rPois   +            (helmet restricted)
rElec   .            (no cloak)
rCorr   .            (no gloves)
SInv    .            (no boots)
Will    .....        (no amulet)
Stlth   +            d - ring of poison resistance
HPRegen 0.24/turn    (no ring)
MPRegen 0.08/turn

%: no passive effects
@: lethally poisoned (-2 -> -10), about to teleport
A: horns 2, retaliatory headbutt
a: no special abilities


You were on level 2 of the Dungeon.
You visited 1 branch of the dungeon, and saw 2 of its levels.

You collected 122 gold pieces.
You spent 110 gold pieces at shops.


Innate Abilities, Weirdness & Mutations

You have a pair of horns on your head.
You reflexively headbutt those who attack you in melee.


   Skills:
 - Level 2.0 Fighting
 - Level 4.0 Ranged Weapons
 + Level 0.2 Armour
 - Level 2.1 Dodging
 - Level 1.0 Spellcasting
 - Level 2.0 Hexes


You had 3 spell levels left.
You knew the following spells:

 Your Spells              Type           Power      Damage    Failure   Level
a - Slow                  Hex            16%        N/A       34%         1

Your spell library contained the following spells:

 Spells                   Type           Power      Damage    Failure   Level
 Inner Flame              Hex/Fire       2%         N/A       83%         3
 Portal Projectile        Hex/Tloc       4%         N/A       83%         3
 Cause Fear               Hex            2%         N/A       98%         4

Inventory:

Hand Weapons
 Y - a +1 sling (weapon)
Armour
 g - a +0 ring mail (worn)
Jewellery
 a - a +6 ring of dexterity
 d - a ring of poison resistance (left hand)
 i - a ring of positive energy
 n - an amulet of regeneration
Scrolls
 e - a scroll of vulnerability {unknown}
 h - 3 scrolls of identify
 l - 2 scrolls of teleportation
 m - a scroll of blinking {unknown}
Potions
 b - 2 potions of curing {unknown}
 c - a potion of brilliance {unknown}
 f - a potion of attraction {unknown}
 j - a potion of cancellation {unknown}
 k - a potion of degeneration {unknown}

Dungeon Overview and Level Annotations

Branches:
Dungeon (2/15)

Altars:

Shops:
D:2 ?

Annotations:
D:2 Robin


Message History

You kill the goblin!
The goblin shoots a sling bullet.
The sling bullet closely misses you.
Robin roars a battlecry!
The hobgoblin goes into a battle-frenzy!
Your Ranged Weapons skill increases to level 4!
You shoot a sling bullet.
The sling bullet closely misses the goblin.
The goblin hits you but does no damage.
You shoot a sling bullet.
The sling bullet closely misses the goblin.
Robin throws the goblin at you!
A hobgoblin comes into view.
The goblin hits you with a +0 dagger.
The goblin unwields a +0 sling.
The goblin wields a +1 dagger of venom.
It begins to drip with poison!
The goblin hits you with a +1 dagger of venom.
You are poisoned.
You shoot a sling bullet. The sling bullet hits the goblin.
You kill the goblin!
You feel very sick.
The goblin hits you with a +1 dagger of venom.
You shoot a sling bullet.
The sling bullet barely misses the hobgoblin.
You feel very sick. The goblin hits you but does no damage.
The hobgoblin hits you. The goblin completely misses you.
You shoot a sling bullet. The sling bullet hits the hobgoblin.
The hobgoblin is heavily wounded.
You feel sick. The hobgoblin barely misses you.
The goblin hits you but does no damage.
You are lethally poisoned!
The hobgoblin hits you.
You shoot a sling bullet. The sling bullet hits the hobgoblin.
The hobgoblin is almost dead.
You feel very sick. The goblin hits you but does no damage.
The goblin barely misses you.
1077 ||| READING 3 scrolls of teleportation.
As you read the scroll of teleportation, it crumbles to dust.
You feel strangely unstable.
You feel sick. The hobgoblin hits you.
You die...

# #...## #.# #..
######....###### .## #.# #..
................ ... #.# #..
######....####.# ..# #(# #..
##..).# #.# ..# #.# #..
##....#####.##..### #.# ###
#.................. #.#
###....######.##g#.#...#.#
#......# #.....@g#.#...#.#
#.....## #.##..g...#...#.#######
#.....# #.....#####...#.......#
#.....# #..#..........#........
#.....# #..#########..#........
#.....####..%<.........#........
#...........%...................
#.....######..########.#........
##.#.............#.....#.......#


You could see 2 hobgoblins and a goblin (strong).

Vanquished Creatures
  A dart slug (D:2)
  2 ball pythons (D:1)
  6 endoplasms
  6 goblins
  3 hobgoblins
  8 jackals
  2 bats (D:1)
  2 frilled lizards (D:1)
  2 kobolds (D:1)
  3 rats
35 creatures vanquished.

Notes
Turn   | Place    | Note
-------+----------+-------------------------------------------
     0 | D:1      | qw the Minotaur Hexslinger began the quest for the Orb.
     0 | D:1      | Reached XP level 1. HP: 16/16 MP: 1/1
     0 | D:1      | 0 ||| qw: Version: 0.3-a-52-g30416fa
     0 | D:1      | 0 ||| qw: Game counter: 5771
     0 | D:1      | 0 ||| qw: Melee chars always use a shield: true
     0 | D:1      | 0 ||| qw: God list: Okawaru
     0 | D:1      | 0 ||| qw: Allow faded altars: false
     0 | D:1      | 0 ||| qw: Do Orc after clearing Dungeon:15 true
     0 | D:1      | 0 ||| qw: Do second Lair branch before Depths: true
     0 | D:1      | 0 ||| qw: Lair rune preference: random
     0 | D:1      | 0 ||| qw: Goals: Normal
     0 | D:1      | 0 ||| PLANNING D:1-11
    94 | D:1      | 94 ||| FLEEEEING.
    95 | D:1      | 95 ||| FLEEEEING.
    96 | D:1      | 96 ||| FLEEEEING.
    97 | D:1      | 97 ||| FLEEEEING.
    98 | D:1      | 98 ||| FLEEEEING.
    99 | D:1      | 99 ||| FLEEEEING.
   100 | D:1      | 100 ||| FLEEEEING.
   101 | D:1      | 101 ||| FLEEEEING.
   102 | D:1      | 102 ||| FLEEEEING.
   103 | D:1      | 103 ||| FLEEEEING.
   104 | D:1      | 104 ||| FLEEEEING.
   165 | D:1      | Reached skill level 3 in Ranged Weapons
   165 | D:1      | Reached XP level 2. HP: 14/23 MP: 2/2
   336 | D:1      | Found a faded altar of an unknown god.
   633 | D:1      | 633 ||| UPGRADING to +0 ring mail.
   643 | D:1      | 643 ||| DROPPING +0 robe.
   644 | D:1      | 644 ||| UPGRADING to ring of poison resistance.
   645 | D:1      | 645 ||| READING scroll labelled FAPNIE ICYM.
   646 | D:1      | 646 ||| READING scroll labelled CUTWI JIPNOI.
   647 | D:1      | 647 ||| DRINKING 2 murky green potions.
   648 | D:1      | 648 ||| DROPPING scroll of poison.
   649 | D:1      | 649 ||| DROPPING potion of magic.
   665 | D:2      | Reached XP level 3. HP: 28/29 MP: 3/3
   823 | D:2      | Identified the +11 spear of Mithrotua {venom, rElec}
  1024 | D:2      | Found Aluf's Magic Scroll Boutique.
  1028 | D:2      | 1028 ||| BUYING scroll of identify (20 gold).
  1028 | D:2      | Bought a scroll of identify for 20 gold pieces
  1028 | D:2      | 1028 ||| BUYING scroll of teleportation (30 gold).
  1028 | D:2      | Bought a scroll of teleportation for 30 gold pieces
  1028 | D:2      | 1028 ||| BUYING scroll of teleportation (30 gold).
  1028 | D:2      | Bought a scroll of teleportation for 30 gold pieces
  1028 | D:2      | 1028 ||| BUYING scroll of teleportation (30 gold).
  1028 | D:2      | Bought a scroll of teleportation for 30 gold pieces
  1028 | D:2      | 1028 ||| SHOPLISTING scroll of teleportation (30 gold, have
                  | 12).
  1063 | D:2      | Noticed Robin
  1064 | D:2      | 1064 ||| Stepping ~*~*~tactically~*~*~ (outnumbered).
  1071 | D:2      | Reached skill level 4 in Ranged Weapons
  1076 | D:2      | HP: 5/29 [poisoned by a goblin]
  1077 | D:2      | 1077 ||| READING 3 scrolls of teleportation.
  1077 | D:2      | Slain by a hobgoblin

Levels and vault maps discovered:
D:1:      elethiomel_arrival_infinity_welcomes_careful_drivers, layout_basic,
          ebering_ecumenical_altar_mist
D:2:      layout_basic, serial_shops, shop, uniq_robin

Skill      XL: |  1  2  3 |
---------------+----------+-----
Ranged Weapons | 3 4 |  4.0
Fighting       | 2 |  2.0
Armour         | |  0.2
Dodging        | |  2.1
Spellcasting   | |  1.0
Hexes          | |  2.0

Action                     || total
---------------------------++-------
   Fire: Sling             ||    86
    Use: Scroll            ||     3
         Potion            ||     1
 Armour: Robe              ||     3
         Ring mail         ||    15
  Dodge: Dodged            ||    25

Table legend:
 A = Non-vault XP
 B = Vault XP
 C = Vault XP percentage of total XP
 D = Non-vault monster count
 E = Vault monster count
 F = Vault count percentage of total count
                 A         B        C        D         E       F
            +---------+---------+-------+---------+---------+-------
      Total |      53 |      10 |  15.9 |      30 |       5 |  14.3
            +---------+---------+-------+---------+---------+-------
        D:1 |      36 |       0 |   0.0 |      22 |       0 |   0.0
        D:2 |      17 |      10 |  37.0 |       8 |       5 |  38.5
            +---------+---------+-------+---------+---------+-------
